[Event "2nd Namma Bengaluru Open-A 2025"]
[Site "Bengaluru"]
[Date "2025.04.18"]
[Round "10.26"]
[White "Samarth Sreeni Warrier"]
[Black "Krishnan, Ritvik"]
[Result "0-1"]
[Annotator "RC"]
[ECO "D37"]
[WhiteElo "1954"]
[BlackElo "2316"]
[PlyCount "132"]
[EventDate "2025.04.10"]
[EventType "swiss"]
[EventCountry "IND"]
[SourceTitle "playchess.com"]
[Source "ChessBase"]
[SourceQuality "1"]
[TimeControl "5400+30"]

1. d4 Nf6 2. Nf3 d5 3. c4 e6 4. Nc3 Be7 5. Bf4 O-O 6. e3 c5 7. dxc5 Bxc5 8. Qc2 Nc6 9. Rd1 Re8 10. a3 e5 11. Bg5 d4 12. Nd5 Be7 13. Nxe7+ Qxe7 14. Be2 d3 15. Bxd3 e4 16. Bxf6 exd3 17. Bxe7 dxc2 18. Rc1 Rxe7 19. Rxc2 Bf5 20. Rc3 a5 21. O-O Rd8 22. Rfc1 Red7 23. Kf1 f6 24. h3 Kf7 25. b3 Rd1+ 26. Ke2 Rxc1 27. Rxc1 Bd3+ 28. Ke1 Ke6 29. Rd1 Rd7 30. Nd2 Bg6 31. Nf3 Bc2 32. Rxd7 Kxd7 33. Nd2 a4 34. bxa4 Kd6 35. Ke2 Kc5 36. f4 Na5 37. Nf3 Nb3 38. g4 Be4 39. Ng1 Kxc4 40. g5 f5 41. h4 Kc3 42. Nh3 Nc1+ 43. Kd1 Nd3 44. Ng1 Nb2+ 45. Ke2 Kc2 46. a5 g6 47. Nh3 Nd3 48. Ng1 Nc1+ 49. Ke1 Kd3 50. Kf2 Kd2 51. Nh3 Nd3+ 52. Kg3 Kxe3 53. a4 Bf3 54. a6 bxa6 55. a5 Bg4 56. Ng1 Nxf4 57. h5 Ne2+ 58. Nxe2 Bxe2 59. hxg6 hxg6 60. Kh4 Bb5 61. Kg3 f4+ 62. Kg2 f3+ 63. Kg3 f2 64. Kg2 f1=Q+ 65. Kh2 Qf2+ 66. Kh3 Bd7# 0-1

[Event "2nd Namma Bengaluru Open-A 2025"]
[Site "Bengaluru"]
[Date "2025.04.18"]
[Round "10.27"]
[White "Sriram, Jha"]
[Black "Mehta Naitik R"]
[Result "1/2-1/2"]
[Annotator "RC"]
[ECO "D30"]
[WhiteElo "2315"]
[BlackElo "2227"]
[PlyCount "115"]
[EventDate "2025.04.10"]
[EventType "swiss"]
[EventCountry "IND"]
[SourceTitle "playchess.com"]
[Source "ChessBase"]
[SourceQuality "1"]
[TimeControl "5400+30"]

1. Nf3 d5 2. g3 c5 3. Bg2 Nf6 4. O-O Nc6 5. d4 e6 6. c4 Be7 7. cxd5 exd5 8. dxc5 Bxc5 9. Qc2 Be7 10. Rd1 O-O 11. Nc3 Bg4 12. Bg5 d4 13. Qa4 Qb6 14. Bxf6 Bxf6 15. Nd5 Qxb2 16. Nxf6+ gxf6 17. Rab1 Qxe2 18. Nxd4 Nxd4 19. Rxd4 Bf5 20. Be4 Bg6 21. Bxg6 hxg6 22. Re4 Qa6 23. Qxa6 bxa6 24. Ra4 Rfd8 25. Rxa6 Rd7 26. Rxf6 a5 27. Rb2 Raa7 28. Kg2 Rd5 29. h4 Kg7 30. Rfb6 Rd4 31. R6b5 Ra4 32. h5 gxh5 33. Rxh5 Re7 34. Rg5+ Kf6 35. Rc5 Kg7 36. Rc6 Ra3 37. Rc4 Re6 38. Rg4+ Rg6 39. Kh3 Rxg4 40. Kxg4 Kg6 41. f4 Ra4 42. Kh4 Kh6 43. Rf2 Rb4 44. Rd2 Ra4 45. Rf2 Rb4 46. Rf3 a4 47. Rf2 Kg6 48. Kg4 f5+ 49. Kh3 Rb1 50. Rf3 Rh1+ 51. Kg2 Rh8 52. Ra3 Ra8 53. Kf3 Kh5 54. Rc3 Rd8 55. Rc6 Rd3+ 56. Kg2 a3 57. Rf6 Rxg3+ 58. Kxg3 1/2-1/2

[Event "2nd Namma Bengaluru Open-A 2025"]
[Site "Bengaluru"]
[Date "2025.04.18"]
[Round "10.28"]
[White "Jinan Jomon"]
[Black "Prakhar Tripathi"]
[Result "1-0"]
[Annotator "RC"]
[ECO "C92"]
[WhiteElo "2311"]
[BlackElo "1932"]
[PlyCount "105"]
[EventDate "2025.04.10"]
[EventType "swiss"]
[EventCountry "IND"]
[SourceTitle "playchess.com"]
[Source "ChessBase"]
[SourceQuality "1"]
[TimeControl "5400+30"]

1. e4 e5 2. Nf3 Nc6 3. Bb5 a6 4. Ba4 Nf6 5. O-O b5 6. Bb3 Be7 7. Re1 d6 8. c3 O-O 9. h3 Bd7 10. d4 a5 11. a3 a4 12. Bc2 exd4 13. cxd4 Na5 14. Nc3 c6 15. Qd3 Ne8 16. d5 c5 17. e5 g6 18. Bh6 Ng7 19. e6 fxe6 20. dxe6 Bc6 21. Nd5 Bxd5 22. Qxd5 Nc4 23. Rab1 Ra7 24. Ng5 Nb6 25. Qd2 Nc4 26. Qc1 Bf6 27. f4 Bd4+ 28. Kh1 Qf6 29. b3 axb3 30. Bxb3 d5 31. a4 bxa4 32. Bxc4 dxc4 33. Qxc4 Re7 34. Ne4 Qxe6 35. Nf6+ Rxf6 36. Rxe6 Rfxe6 37. Rb6 Kf7 38. g4 Ke8 39. Qxa4+ Kf7 40. Qc4 Ke8 41. Rb8+ Kd7 42. Qd5+ Rd6 43. Rb7+ Kc8 44. Qxd6 Re1+ 45. Kg2 Kxb7 46. Bxg7 Bxg7 47. Qd7+ Kb6 48. Qxg7 Rb1 49. f5 gxf5 50. gxf5 c4 51. Qd4+ Kb5 52. f6 c3 53. Qd3+ 1-0

[Event "2nd Namma Bengaluru Open-A 2025"]
[Site "Bengaluru"]
[Date "2025.04.18"]
[Round "10.29"]
[White "Neelash Saha"]
[Black "Madhvendra Pratap Sharma"]
[Result "1-0"]
[Annotator "RC"]
[ECO "D32"]
[WhiteElo "2460"]
[BlackElo "2234"]
[PlyCount "119"]
[EventDate "2025.04.10"]
[EventType "swiss"]
[EventCountry "IND"]
[SourceTitle "playchess.com"]
[Source "ChessBase"]
[SourceQuality "1"]
[TimeControl "5400+30"]

1. d4 e6 2. c4 d5 3. Nc3 c5 4. cxd5 cxd4 5. Qa4+ Bd7 6. Qxd4 exd5 7. Qxd5 Nc6 8. a3 Nf6 9. Qd1 Bc5 10. Nf3 Qe7 11. Bg5 h6 12. Bxf6 Qxf6 13. e3 Rd8 14. Qc2 Bb6 15. Qe4+ Ne7 16. Qe5 Qxe5 17. Nxe5 Be6 18. Bb5+ Kf8 19. Rd1 Rxd1+ 20. Kxd1 g6 21. Nd7+ Bxd7 22. Bxd7 Kg7 23. Ke2 Bc7 24. g3 Rd8 25. Bh3 Nd5 26. Nb1 b5 27. Bg2 Nb6 28. Rc1 Be5 29. b3 Bb2 30. Rc2 Ba1 31. Rc5 Rc8 32. Rc6 Rd8 33. Be4 Bb2 34. Rc2 Bf6 35. Rc5 b4 36. axb4 Be7 37. Ra5 Rd7 38. b5 Bb4 39. Ra2 Rc7 40. Bc6 Kf8 41. Na3 Ke7 42. Nc2 Bc3 43. Kd3 Bg7 44. Nb4 Kd6 45. Na6 Rc8 46. b4 Rd8 47. Nc5 Kc7+ 48. Ke2 Nc8 49. Be4 Nd6 50. Bd3 Kb8 51. Ra6 Bf8 52. Rc6 h5 53. e4 Bg7 54. f4 Ne8 55. Na6+ Kb7 56. e5 f5 57. Rxg6 Bf8 58. Bxf5 Nc7 59. Be4+ Kc8 60. Rc6 1-0

[Event "2nd Namma Bengaluru Open-A 2025"]
[Site "Bengaluru"]
[Date "2025.04.18"]
[Round "10.29"]
[White "Neelash Saha"]
[Black "Madhvendra Pratap Sharma"]
[Result "*"]
[Annotator "RC"]
[ECO "D32"]
[WhiteElo "2460"]
[BlackElo "2234"]
[PlyCount "40"]
[EventDate "2025.04.10"]
[EventType "swiss"]
[EventCountry "IND"]
[SourceTitle "playchess.com"]
[Source "ChessBase"]
[SourceQuality "1"]
[TimeControl "5400+30"]

1. d4 e6 2. c4 d5 3. Nc3 c5 4. cxd5 cxd4 5. Qa4+ Bd7 6. Qxd4 exd5 7. Qxd5 Nc6 8. a3 Nf6 9. Qd1 Bc5 10. Nf3 Qe7 11. Bg5 h6 12. Bxf6 Qxf6 13. e3 Rd8 14. Qc2 Bb6 15. Qe4+ Ne7 16. Qe5 Qxe5 17. Nxe5 Be6 18. Bb5+ Kf8 19. Rd1 Rd5 20. Rd2 Rxd2 *

[Event "2nd Namma Bengaluru Open-A 2025"]
[Site "Bengaluru"]
[Date "2025.04.18"]
[Round "10.30"]
[White "Mahitosh Dey"]
[Black "Sanikidze, Tornike"]
[Result "0-1"]
[Annotator "RC"]
[ECO "B86"]
[WhiteElo "2226"]
[BlackElo "2448"]
[PlyCount "72"]
[EventDate "2025.04.10"]
[EventType "swiss"]
[EventCountry "IND"]
[SourceTitle "playchess.com"]
[Source "ChessBase"]
[SourceQuality "1"]
[TimeControl "5400+30"]

1. e4 c5 2. Nf3 d6 3. d4 cxd4 4. Nxd4 Nf6 5. Nc3 e6 6. Be3 Be7 7. Bc4 a6 8. Bb3 Qc7 9. f3 Nc6 10. Nxc6 bxc6 11. Qe2 O-O 12. g4 Nd7 13. O-O-O a5 14. g5 Ba6 15. Qg2 c5 16. h4 a4 17. Bxa4 Nb6 18. Bb3 c4 19. Ba4 Rfb8 20. g6 Nxa4 21. gxf7+ Kxf7 22. Nxa4 Qa5 23. b3 cxb3 24. axb3 Bb5 25. Rhg1 Bf6 26. e5 Bxe5 27. f4 Bf6 28. Bd4 Qd8 29. Qe4 Bxa4 30. Qxh7 Bxd4 31. Qg6+ Ke7 32. Rxd4 Be8 33. Qxg7+ Bf7 34. Kb2 Qb6 35. Qg5+ Ke8 36. Rdd1 Qa7 0-1